 Dungeon Crawl Stone Soup version 0.30-a0-840-ga523dec638 (webtiles) character file.

Game seed: 3951501412922806409

527 ytrimaz the Trooper (level 7, -1/59 HPs)
             Began as a Formicid Fighter on Feb 28, 2023.
             Slain by Edmund
             ... wielding a +4 flail of protection
              (9 damage)
             ... on level 4 of the Dungeon on Mar 1, 2023.
             The game lasted 00:05:39 (3509 turns).

ytrimaz the Trooper (Formicid Fighter)              Turns: 3509, Time: 00:05:40

Health: -1/59      AC:  8    Str: 22    XL:     7   Next: 47%
Magic:  16/16      EV: 10    Int:  8    God:
Gold:   105        SH:  5    Dex: 13    Spells: 6/6 levels left

rFire   + . .      SeeInvis +    a - +1 war axe
rCold   . . .      Faith    .    c - +0 buckler
rNeg    . . .      Spirit   .    l - +2 ring mail {rPois}
rPois   +          Reflect  .    (helmet unavailable)
rElec   .          Harm     .    (no cloak)
rCorr   .          Rampage  .    (no gloves)
Will    .....                    j - +0 pair of boots
Stlth   +                        (no amulet)
HPRegen 0.29/turn                g - ring of magical power
MPRegen 0.15/turn                n - ring of protection from fire

@: no status effects
A: permanent stasis, dig shafts and tunnels, antennae 3, four strong arms
a: Dig, Shaft Self


You were on level 4 of the Dungeon.
You visited 1 branch of the dungeon, and saw 4 of its levels.

You collected 105 gold pieces.


Innate Abilities, Weirdness & Mutations

You cannot be hasted, slowed, berserked, paralysed or teleported.
You can dig through walls and to a lower floor.
You have a pair of large antennae on your head. (SInv)
Your four strong arms can wield two-handed weapons with a shield.


   Skills:
 + Level 6.6 Fighting
 + Level 5.5 Axes
 - Level 3.2 Armour
 - Level 4.0 Shields


You had 6 spell levels left.
You didn't know any spells.
Your spell library was empty.

Inventory:

Hand Weapons
 a - a +1 war axe (weapon)
Armour
 c - a +0 buckler (worn)
 j - a +0 pair of boots (worn)
   (You found it on level 2 of the Dungeon)
 l - a +2 ring mail of poison resistance (worn)
   (You found it on level 3 of the Dungeon)
Jewellery
 g - a ring of magical power (left hand)
   (You found it on level 2 of the Dungeon)
 n - a ring of protection from fire (right hand)
   (You found it on level 4 of the Dungeon)
Scrolls
 i - a scroll of silence
 k - a scroll of noise {unknown}
 m - a scroll of fear {unknown}
Potions
 b - a potion of lignification {unknown}
 d - a potion of heal wounds {unknown}
 f - a potion of flight
 h - a potion of cancellation
 o - a potion of berserk rage {unknown}

Dungeon Overview and Level Annotations

Branches:
Dungeon (4/15) Zot: 20412
 Temple: D:4-7

Altars:
Trog

Annotations:
D:4 Edmund

.
......##..###...#
..........###...#
................#
.......##._.....#
....... #...##..#
.......###.## .#
........)))### .#
#'##....)....#..#
###.....@@...#
..............#
.......#########
........#
........#
........#
........#


You could see Edmund.


Message History

The orc priest hits you with a +0 flail.
* * * LOW HITPOINT WARNING * * *
The orc priest hits you but does no damage. 😨 HP[-1]
You take 1 damage, and now have 23/59 hp.
You slash the orc priest!
You kill the orc priest! 😨 HP[+1]
Items here: ( )) [ †.
Unknown command.
You sense a monster nearby. 😮 HP[+12]
You regained 12 hp, and now have 36/59 hp.
Edmund the Younger comes into view.
He is wielding a +4 flail of protection and wearing a +3 chain mail of fire resistance. 😮 HP[+1] Edmund shouts! 😮 HP[+1] It was a potion of flight.
You feel very buoyant.
You fly up into the air.
It was a potion of cancellation.
Your magical effects are unravelling.
You feel magically purged.
You float gracefully downwards. 😮 HP[+1] Unknown command.
You hit Edmund.
Edmund hits you with a +4 flail of protection. 😮 HP[-2]
You take 2 damage, and now have 37/59 hp.
You hit Edmund but do no damage.
Edmund hits you with a +4 flail of protection. 😮 HP[-5]
You take 5 damage, and now have 32/59 hp.
You hit Edmund but do no damage. You block Edmund's attack. 😮 HP[+1]
You closely miss Edmund. Edmund barely misses you.
Edmund hits you with a +4 flail of protection.
* * * LOW HITPOINT WARNING * * *
😨 HP[-5]
You take 5 damage, and now have 28/59 hp.
You hit Edmund. Edmund hits you but does no damage.
Unknown command. 😨 HP[+1]
You hit Edmund but do no damage. Edmund closely misses you.
You completely miss Edmund.
Edmund hits you with a +4 flail of protection!
* * * LOW HITPOINT WARNING * * *
Edmund hits you with a +4 flail of protection.
* * * LOW HITPOINT WARNING * * *
😨 HP[-11]
You take 11 damage, and now have 18/59 hp.
You barely miss Edmund.
Edmund hits you with a +4 flail of protection.
* * * LOW HITPOINT WARNING * * *
😨 HP[-3]
You take 3 damage, and now have 15/59 hp.
You closely miss Edmund. You block Edmund's attack.
You hit Edmund.
Edmund hits you with a +4 flail of protection!
* * * LOW HITPOINT WARNING * * *
😱 HP[-8]
You take 8 damage, and now have 7/59 hp.
You hit Edmund but do no damage.
Edmund hits you with a +4 flail of protection.
* * * LOW HITPOINT WARNING * * *
You block Edmund's attack. 😱 HP[-1]
You take 1 damage, and now have 6/59 hp.
Unknown command.
You feel better. Edmund barely misses you. 😱 HP[+5]
You regained 5 hp, and now have 11/59 hp.
You feel better.
Edmund hits you with a +4 flail of protection.
* * * LOW HITPOINT WARNING * * *
😨 HP[+9]
You regained 9 hp, and now have 20/59 hp.
Unknown command.
Unknown command.
You slash Edmund! Edmund closely misses you. 😨 HP[+1]
You closely miss Edmund.
Edmund hits you with a +4 flail of protection.
* * * LOW HITPOINT WARNING * * *
😨 HP[-3]
You take 3 damage, and now have 18/59 hp.
Unknown command.
You hit Edmund. You block Edmund's attack.
You hit Edmund but do no damage.
Edmund asks, "Have you met my wondrous brother?"
Edmund hits you with a +4 flail of protection!
* * * LOW HITPOINT WARNING * * *
Edmund hits you with a +4 flail of protection.
* * * LOW HITPOINT WARNING * * *
😱 HP[-11]
You take 11 damage, and now have 7/59 hp.
You hit Edmund but do no damage. Edmund barely misses you.
You hit Edmund but do no damage.
Edmund hits you with a +4 flail of protection!
You die...

Skill      XL: |  1  2  3  4  5  6 |
---------------+-------------------+-----
Fighting       | 4 5 6 |  6.6
Axes           | 3 4 5 |  5.5
Armour         | |  3.2
Shields        | |  4.0

Action                     |  1- 3 |  4- 6 |  7- 9 || total
---------------------------+-------+-------+-------++-------
  Melee: War axe           |    62 |   139 |    31 ||   232
Ability: Dig               |       |     1 |       ||     1
    Use: Potion            |     1 |     1 |     4 ||     6
         Scroll            |       |     3 |       ||     3
 Armour: Scale mail        |    45 |    43 |       ||    88
         Ring mail         |       |    14 |     5 ||    19
  Dodge: Dodged            |    42 |    54 |    11 ||   107
  Block: Buckler           |    21 |    42 |     7 ||    70

Levels and vault maps discovered:
D:1:      scummos_arrival_checkerplants, layout_basic, serial_park_tiny_2
D:2:      minmay_angry_zag, layout_basic, basic_ecumenical_altar
D:3:      layout_basic
D:4:      layout_gridville, grunt_temple_overflow_open,
          trog_three_pillars_becter, serial_demonic, serial_demonic_c,
          serial_demonic_c, serial_demonic_g, serial_demonic_d, uniq_edmund

Notes
Turn   | Place    | Note
-------+----------+-------------------------------------------
     0 | D:1      | ytrimaz the Formicid Fighter began the quest for the Orb.
     0 | D:1      | Reached XP level 1. HP: 18/18 MP: 1/1
     0 | D:1      | magus.rc [v1.9.6]
    72 | D:1      | Reached XP level 2. HP: 21/24 MP: 2/2
   517 | D:1      | Reached XP level 3. HP: 27/30 MP: 3/3
   667 | D:1      | Upgraded the game from 0.30-a0-830-gfe289a77b0 to
                  | 0.30-a0-840-ga523dec638
   667 | D:1      | magus.rc [v1.9.6]
   671 | D:1      | You fall into a shaft and drop 1 floor!
   680 | D:2      | You fall into a shaft and drop 1 floor!
   765 | D:3      | Reached skill level 4 in Fighting
   787 | D:3      | Noticed a bullfrog
   794 | D:3      | HP: 7/30 [bullfrog (3)]
   794 | D:3      | HP: 3/30 [bullfrog (4)]
   795 | D:3      | Killed a bullfrog
   796 | D:3      | Reached skill level 3 in Axes
   796 | D:3      | Reached XP level 4. HP: 5/38 MP: 4/4
  1066 | D:3      | Reached XP level 5. HP: 43/43 MP: 5/5
  1182 | D:2      | Found a faded altar of an unknown god.
  1254 | D:2      | Reached skill level 5 in Fighting
  1798 | D:2      | Reached skill level 4 in Axes
  2152 | D:3      | Reached XP level 6. HP: 47/48 MP: 6/6
  2591 | D:3      | Identified the +8 short sword of Kyiq {heavy, rElec}
  2808 | D:3      | Reached skill level 6 in Fighting
  3181 | D:4      | HP: 9/52 [white imp (5)]
  3384 | D:4      | Reached skill level 5 in Axes
  3397 | D:4      | Found a bloodstained altar of Trog.
  3419 | D:4      | Reached XP level 7. HP: 41/58 MP: 7/7
  3485 | D:4      | Noticed Edmund
  3500 | D:4      | HP: 7/59 [Edmund/+4 flail of protection (8)]
  3507 | D:4      | HP: 12/59 [Edmund/+4 flail of protection (7)]
  3509 | D:4      | Slain by Edmund

Vanquished Creatures
  An ogre (D:4)
  A centaur (D:3)
  A bullfrog (D:3)
  A scorpion (D:3)
  2 orc priests (D:4)
  An orc wizard (D:4)
  4 gnolls (D:2)
  5 adders
  A white imp (D:4)
  2 worms
  A dart slug (D:2)
  2 orcs (D:4)
  7 ball pythons
  3 endoplasms
  3 giant cockroaches
  4 goblins
  8 hobgoblins
  8 kobolds
  2 quokkas
  7 bats
  3 frilled lizards (D:2)
  8 rats
75 creatures vanquished.

Vanquished Creatures (others)
  A demonic plant (D:4)
1 creature vanquished.

Grand Total: 76 creatures vanquished

Table legend:
 A = Non-vault XP
 B = Vault XP
 C = Vault XP percentage of total XP
 D = Non-vault monster count
 E = Vault monster count
 F = Vault count percentage of total count
                 A         B        C        D         E       F
            +---------+---------+-------+---------+---------+-------
      Total |     736 |      17 |   2.3 |      69 |       6 |   8.0
            +---------+---------+-------+---------+---------+-------
        D:1 |      32 |       0 |   0.0 |      20 |       0 |   0.0
        D:2 |     114 |       7 |   5.8 |      22 |       5 |  18.5
        D:3 |     328 |       0 |   0.0 |      17 |       0 |   0.0
        D:4 |     262 |      10 |   3.7 |      10 |       1 |   9.1
            +---------+---------+-------+---------+---------+-------

Illustrated notes

Table legend:
 A = Kills in this place as a percentage of kills in the entire game.
 B = Kills by you in this place as a percentage of kills by you in the entire game.
 C = Kills by friends in this place as a percentage of kills by friends in the entire game.
 D = Other kills in this place as a percentage of other kills in the entire game.
 E = Experience gained in this place as a percentage of experience gained in the entire game.
 F = Experience gained in this place divided by the number of levels of this place that you have seen.
                   A       B       C       D       E      F
               +-------+-------+-------+-------+-------+----------------------
         Total | 100.0 | 100.0 |   N/A |   N/A | 100.0 | 188.2
       Dungeon | 100.0 | 100.0 |   N/A |   N/A | 100.0 | 188.2
               +-------+-------+-------+-------+-------+----------------------

Table legend: (Time is in decaauts)
 A = Elapsed time spent in this place.
 B = Non-inter-level travel time spent in this place.
 C = Inter-level travel time spent in this place.
 D = Time resting spent in this place.
 E = Time spent auto-exploring this place.
 F = Levels seen in this place.
 G = Mean time per level.
                   A        B        C        D        E       F      G
               +--------+--------+--------+--------+--------+-----+--------+
         Total |   3585 |   3534 |     51 |     35 |   2812 |   4 |  896.2 |
       Dungeon |   3585 |   3534 |     51 |     35 |   2812 |   4 |  896.2 |
               +--------+--------+--------+--------+--------+-----+--------+

Top non-repeatable levels by time:
     D:3: 1468 daAuts
     D:2: 1066 daAuts
     D:1: 694 daAuts
     D:4: 356 daAuts
